 Dungeon Crawl Stone Soup version 0.28.0-43-g3370ac3207 (webtiles) character file.

Game seed: 3394020982065775450

859 tizbic2 the Grave Robber (level 8, -1/67 HPs)
             Began as a Ghoul Necromancer on Mar 14, 2022.
             Was a Plaything of Xom.
             Slain by a four-headed hydra (8 damage)
             ... on level 6 of the Dungeon.
             The game lasted 00:24:12 (4006 turns).

tizbic2 the Grave Robber (Ghoul Necromancer)        Turns: 4006, Time: 00:24:14

Health: -1/67      AC:  9    Str: 16    XL:     8   Next: 2%
Magic:  3/13       EV: 14    Int: 12    God:    Xom [.....*]
Gold:   198        SH:  0    Dex:  5    Spells: 9/15 levels left

rFire   . . .      SeeInvis .   u - +0 dagger (protect)
rCold   + + .      Faith    .   (no shield)
rNeg    + + +      Spirit   .   j - +1 ring mail {Will+}
rPois   ∞          Reflect  .   (no helmet)
rElec   +          Harm     .   v - +1 cloak of the End {rElec rC+ Str+4 Dex-4}
rCorr   .          Rampage  .   x - +0 pair of gloves
Will    +....                   (no boots)
Stlth   +.........              y - amulet of magic regeneration
HPRegen 0.00/turn               l - +4 ring of evasion
MPRegen 0.53/turn               (no ring)

@: marked, inhibited regen, hasted, very quick
A: claws 1, cold resistance 1, negative energy resistance 3, inhibited
regeneration, torment resistance 2
a: Renounce Religion


You were on level 6 of the Dungeon.
You worshipped Xom.
You were Xom's teddy bear.
You visited 1 branch of the dungeon, and saw 6 of its levels.

You collected 318 gold pieces.
You spent 120 gold pieces at shops.

Inventory:

Hand Weapons
 k - a +2 dagger of venom
 u - a +0 dagger of protection (weapon)
Missiles
 b - 150 stones
 g - 2 silver boomerangs (quivered)
 m - 49 bolts
 s - a boomerang
 t - 7 poisoned darts
Armour
 j - a +1 ring mail of willpower (worn)
 r - a +2 cloak
 v - the +1 cloak of the End (worn) {rElec rC+ Str+4 Dex-4}
   (You found it on level 4 of the Dungeon)

   Str:       It affects your strength (+4).
   Dex:       It affects your dexterity (-4).
   rC:        It protects you from cold.
   rElec:     It insulates you from electricity.
 x - a +0 pair of gloves (worn)
Jewellery
 c - an amulet of regeneration
 l - a +4 ring of evasion (left hand)
 y - an amulet of magic regeneration (around neck)
Scrolls
 a - a scroll of fog
 d - 4 scrolls of identify
 i - 2 scrolls of vulnerability {unknown}
 o - a scroll of magic mapping {unknown}
 p - a scroll of fear {unknown}
Potions
 f - 3 potions of attraction
 h - 2 potions of curing
 n - a potion of degeneration {unknown}
 q - a potion of lignification {unknown}
 w - 2 potions of resistance {unknown}
 z - a potion of might {unknown}
 A - a potion of magic {unknown}


   Skills:
 + Level 4.4 Fighting
 - Level 1.7 Dodging
 - Level 2.1 Stealth
 + Level 4.0 Spellcasting
 * Level 7.4 Necromancy


You had 9 spell levels left.
You knew the following spells:

 Your Spells              Type           Power      Damage    Failure   Level
a - Pain                  Necr           80%        1d8       1%          1
b - Vampiric Draining     Necr           20%        2d7       6%          3
c - Corpse Rot            Necr/Air       22%        N/A       14%         2

Your spell library contained the following spells:

 Spells                   Type           Power      Damage    Failure   Level
 Animate Skeleton         Necr           40%        N/A       1%          1
 Animate Dead             Necr           10%        N/A       21%         4
 Dispel Undead            Necr           20%        3d11      21%         4
 Agony                    Necr           20%        N/A       50%         5
 Excruciating Wounds      Necr           10%        N/A       50%         5
 Poisonous Vapours        Pois/Air       4%         N/A       54%         2
 Static Discharge         Conj/Air       2%         N/A       54%         2
 Portal Projectile        Hex/Tloc       4%         N/A       77%         3
 Sticky Flame             Conj/Fire      2%         2d3       99%         4
 Blade Hands              Tmut           Unusable   N/A       N/A         5

Dungeon Overview and Level Annotations

Branches:
Dungeon (6/15)             Temple (0/1) D:5

Altars:
Sif Muna
Xom

Shops:
D:3 :*


Innate Abilities, Weirdness & Mutations

You thrive by killing the living.
You are immune to poison.
You have sharp fingernails.
Your flesh is cold resistant. (rC+)
You are immune to negative energy. (rN+++)
You do not regenerate when monsters are visible.
You are immune to unholy pain and torment.


Message History

The four-headed hydra bites you but does no damage.
The four-headed hydra bites you!
The four-headed hydra bites you but does no damage.
The four-headed hydra bites you.
Casting: Vampiric Draining (dangerous; 6% risk of failure)
Confirm with . or Enter, or press ? or * to list all spells.
Aiming: Vampiric Draining (dangerous; 6% risk of failure)
Press: ? - help, Shift-Dir - straight line, f/p - four-headed hydra
Aim: a four-headed hydra (severely wounded)
You draw life force from the four-headed hydra!
You feel life coursing into your body.
The four-headed hydra bites you but does no damage.
The four-headed hydra barely misses you.
The four-headed hydra bites you but does no damage. x2
Casting: Vampiric Draining (dangerous; 6% risk of failure)
Confirm with . or Enter, or press ? or * to list all spells.
Aiming: Vampiric Draining (dangerous; 6% risk of failure)
Press: ? - help, Shift-Dir - straight line, f/p - four-headed hydra
Aim: a four-headed hydra (severely wounded)
You draw life force from the four-headed hydra.
You feel life coursing into your body. The four-headed hydra bites you!
* * * LOW HITPOINT WARNING * * *
The four-headed hydra misses you.
The four-headed hydra bites you but does no damage. x2
The hornet zombie sets off the alarm!
The alarm trap emits a blaring wail!
A sentinel's mark forms upon you.
You hear an angry hiss.
You hear a shout! x6; You hear an angry hiss. x2
You hear a shout! x2; You hear an angry hiss.
You hear a howl!
Okay, then.
Okay, then.
Unknown command.
You feel yourself speed up. The four-headed hydra bites you!
* * * LOW HITPOINT WARNING * * *
The four-headed hydra bites you but does no damage.
The four-headed hydra bites you.
* * * LOW HITPOINT WARNING * * *
The four-headed hydra bites you!
You die...
Xom bursts into laughter!

Z.##..# ##.##K..#
#.#O##.O#.####.#
#...h.ZZOY.....#
#....Z####h####.#
####.## #.####... ...#
#l....... ########
##### #D######. ...
.... ##@#### #.####.#
#...#.######.....(.
##....#............#
........###.###..######
#####..#.#.## #..# ####
#..##..# #..# #...
#####..##..####..###.##
...........##..........
#....>...##.#..###.##


You could see a four-headed hydra, an ice beast, an ogre, an iguana and a hound.

Vanquished Creatures
  A water moccasin (D:5)
  A sky beast (D:6)
  A black bear (D:4)
  An ice beast (D:5)
  A centaur skeleton (D:5)
  2 hounds
  An orc priest (D:4)
  A jelly (D:6)
  Ijyb (D:5)
  2 iguanas (D:5)
  3 orc wizards (D:5)
  A howler monkey zombie (D:5)
  4 adders
  3 gnolls (D:6)
  3 worms
  3 dart slugs
  4 orcs
  4 ball pythons
  4 bats
  4 endoplasms
  9 goblins
  9 hobgoblins
  4 kobolds
  4 quokkas
  2 frilled lizards
  8 rats
81 creatures vanquished.

Vanquished Creatures (collateral kills)
  A jelly (D:5)
1 creature vanquished.

Vanquished Creatures (others)
  A necrophage (D:5)
  A fungus (D:1)
  5 toadstools (D:1)
7 creatures vanquished.

Grand Total: 89 creatures vanquished

Notes
Turn   | Place    | Note
-------+----------+-------------------------------------------
     0 | D:1      | tizbic2 the Ghoul Necromancer began the quest for the Orb.
     0 | D:1      | Reached XP level 1. HP: 14/14 MP: 2/2
   137 | D:1      | Reached XP level 2. HP: 17/22 MP: 0/3
   576 | D:1      | Reached skill level 1 in Fighting
   770 | D:1      | Reached XP level 3. HP: 11/28 MP: 0/5
  1564 | D:2      | Reached XP level 4. HP: 34/35 MP: 2/6
  1683 | D:2      | Found a faded altar of an unknown god.
  1725 | D:2      | Prayed at the altar of an unknown god.
  1725 | D:2      | Became a worshipper of Xom of Unknown Intention
  1857 | D:3      | Found Gopicor's General Store.
  1888 | D:3      | XOM: smoke on damage
  1898 | D:3      | Reached skill level 5 in Necromancy
  1935 | D:3      | Learned a level 3 spell: Vampiric Draining
  1995 | D:3      | Found Rohonoa's Book Boutique.
  2005 | D:3      | Bought a book of Vapours for 120 gold pieces
  2009 | D:3      | Learned a level 2 spell: Corpse Rot
  2050 | D:3      | XOM: divination: detect creatures
  2238 | D:3      | Reached XP level 5. HP: 38/41 MP: 7/7
  2606 | D:4      | Identified the +1 cloak of the End {rElec rC+ Str+4 Dex-4}
  2676 | D:4      | Noticed a black bear
  2688 | D:4      | Killed a black bear
  2689 | D:4      | Reached XP level 6. HP: 29/50 MP: 2/9
  2987 | D:5      | Entered Level 5 of the Dungeon
  3112 | D:5      | Noticed Ijyb
  3120 | D:5      | XOM: divination: magic mapping
  3124 | D:5      | Killed Ijyb
  3141 | D:5      | Found a staircase to the Ecumenical Temple.
  3163 | D:5      | Reached skill level 6 in Necromancy
  3183 | D:5      | XOM is BORED!
  3183 | D:5      | XOM: 5-stop teleportation journey
  3185 | D:5      | Noticed a water moccasin
  3191 | D:5      | XOM: 1-stop teleportation journey
  3214 | D:5      | Killed a water moccasin
  3215 | D:5      | Reached XP level 7. HP: 54/57 MP: 2/11
  3223 | D:5      | XOM: noise
  3228 | D:5      | XOM: fake destruction
  3307 | D:5      | XOM: summons 3 hostile demons
  3369 | D:5      | XOM: divine lightning
  3426 | D:5      | XOM: enchant monster (good)
  3481 | D:5      | Reached skill level 7 in Necromancy
  3826 | D:6      | XOM: divination: detect items
  3921 | D:6      | XOM: confuse monster(s)
  3928 | D:6      | Reached XP level 8. HP: 67/67 MP: 10/13
  3975 | D:6      | Found a shimmering blue altar of Sif Muna.
  3978 | D:6      | Noticed a four-headed hydra
  3979 | D:6      | XOM: cast spell 'Summon Ice Beast'
  4006 | D:6      | Slain by a four-headed hydra

Illustrated notes

Levels and vault maps discovered:
D:1:      psy_arrival_conway, layout_rooms, grunt_decor_junction,
          chequers_serial_rivers_marsh, serial_bayou_pond_a, minivault_27,
          minmay_gold_behind_fungi, chequers_decorated_corner,
          minmay_tree_intersection, hangedman_decor_push
D:2:      layout_rooms, shapermc_ecumenical_altar_venn, grunt_decor_one_mirror,
          chequers_mini_garden
D:3:      layout_rooms, serial_shops, nicolae_shop_statue_plus, shop
D:4:      layout_cave_pods, serial_column_ruins, column_ruins_circle_medium,
          column_ruins_corridor_corner, column_ruins_open_small,
          column_ruins_grid_4, column_ruins_columns_straight,
          column_ruins_open_medium, column_ruins_grid_1,
          column_ruins_columns_straight
D:5:      layout_basic, minmay_temple_entry_arrows, uniq_ijyb
D:6:      layout_loops_ring, mainiacjoe_overflow_tiny_flanked,
          nicolae_concentric_dashed_squares_wild, st_stairs_1,
          corexii_corridor_pit, minmay_ruined_shrine, uniq_maggie

Skill      XL: |  1  2  3  4  5  6  7 |
---------------+----------------------+-----
Spellcasting   | 2 3 4 |  4.0
Fighting       | 1 2 3 4 |  4.4
Necromancy     | 5 6 7 |  7.4
Dodging        | |  1.7
Stealth        | |  2.1

Action                   |  1- 3 |  4- 6 |  7- 9 || total
-------------------------+-------+-------+-------++-------
Melee: Unarmed           |    29 |       |       ||    29
       Dagger            |    53 |   117 |   163 ||   333
       Punch             |     1 |       |     1 ||     2
Throw: Stone             |    28 |    24 |       ||    52
       Boomerang         |       |     5 |    14 ||    19
       Dart              |       |     1 |       ||     1
 Cast: Pain              |    43 |    21 |     8 ||    72
       Corpse Rot        |       |     4 |     2 ||     6
       Vampiric Draining |       |     7 |    11 ||    18
  Use: Scroll            |       |     5 |       ||     5
       Potion            |       |       |     1 ||     1
 Stab: Sleeping          |       |     1 |       ||     1
Armor: Robe              |     2 |       |       ||     2
       Ring mail         |    20 |    52 |   156 ||   228
Dodge: Dodged            |    59 |   117 |   179 ||   355
